 Dungeon Crawl Stone Soup version 0.19.0-2-gae57169 (webtiles) character file.

442 Pepeogr the Poker (level 6, 0/51 HPs)
             Began as a Draconian Warper on Nov 6, 2016.
             Was a Believer of Makhleb.
             Slain by a howler monkey skeleton (6 damage)
             ... on level 5 of the Dungeon.
             The game lasted 00:26:18 (4190 turns).

Pepeogr the Poker (Draconian Warper)                Turns: 4190, Time: 00:26:18

Health: 0/51       AC:  8    Str: 15    XL:     6   Next: 71%
Magic:  1/10       EV: 13    Int: 13    God:    Makhleb [**....]
Gold:   148        SH:  0    Dex: 11    Spells: 1 memorised, 8 levels left

rFire  + . .     SeeInvis .     q - +0 trident
rCold  . . .     Gourm    .     (armour unavailable)
rNeg   . . .     Faith    .     (no shield)
rPois  .         Spirit   .     (helmet restricted)
rElec  .         Reflect  .     u - +0 cloak
rCorr  +         Harm     .     s - +0 pair of gloves
MR     .....                    (no boots)
Stlth  +.........               (no amulet)
                                i - ring of resist corrosion
                                l - ring of protection from fire

@: very slightly contaminated
A: unfitting armour, cold-blooded, AC +6
a: Minor Destruction, Renounce Religion


You were on level 5 of the Dungeon.
You worshipped Makhleb.
Makhleb was pleased with you.
You were not hungry.

You visited 1 branch of the dungeon, and saw 5 of its levels.

You collected 148 gold pieces.

Inventory:

Hand Weapons
 a - a +0 spear
 n - a +0 spear
 p - a +0 falchion
 q - a +0 trident (weapon)
Missiles
 d - 3 tomahawks of dispersal (quivered)
Armour
 e - a +0 cloak
 k - a +0 helmet
 s - a +0 pair of gloves (worn)
 u - a +0 cloak (worn)
Jewellery
 i - a ring of resist corrosion (right hand)
 l - a ring of protection from fire (left hand)
Scrolls
 c - a scroll of blinking
 g - 2 scrolls of amnesia
 j - a scroll of fog
 m - a scroll of teleportation {unknown}
 o - a scroll of recharging
 t - 2 scrolls of enchant armour {unknown}
Potions
 r - a potion of flight {unknown}
 v - a potion of heal wounds {unknown}
Books
 b - a book of Spatial Translocations

   Spells                             Type                      Level
   a - Blink                          Translocation                2
   b - Shroud of Golubria             Charms/Translocation         2
   c - Lesser Beckoning               Translocation                3
   d - Portal Projectile              Translocation                3
   e - Teleport Other                 Translocation                3
   f - Passage of Golubria            Translocation                4
Comestibles
 f - 4 bread rations
 h - 5 meat rations


   Skills:
 + Level 3.5 Fighting
 * Level 5.7 Polearms
 + Level 1.1 Throwing
 + Level 3.1 Dodging
 + Level 0.2 Stealth
 + Level 2.6 Spellcasting
 + Level 3.2 Translocations


You had 8 spell levels left.
You knew the following spells:

 Your Spells              Type           Power        Failure   Level  Hunger
a - Blink                 Tloc           N/A          12%         2    ###....


Dungeon Overview and Level Annotations

Branches:
Dungeon (5/15)
 Temple: D:4-7

Altars:
Dithmenos
Makhleb
Sif Muna
Trog
Vehumet
Yredelemnul

Shops:
D:4 (

Annotations:
D:5 Naow's ghost, novice MiBe


Innate Abilities, Weirdness & Mutations

Your plain brown scales are hard. (AC +6)
You cannot fit into any form of body armour.
You are cold-blooded and may be slowed by cold attacks.


Message History

Confirm with . or Enter, or press ? or * to list all spells.
You miscast Blink.
You are very lightly contaminated with residual magic.
The air around you crackles with energy!
The ice beast closely misses you.
The howler monkey skeleton closely misses you.
Casting: Blink
Confirm with . or Enter, or press ? or * to list all spells.
You blink.
Casting: Blink
Confirm with . or Enter, or press ? or * to list all spells.
You blink.
You hit the howler monkey skeleton.
The howler monkey skeleton is lightly damaged.
The howler monkey skeleton hits you but does no damage.
The howler monkey skeleton hits you but does no damage.
You completely miss the ice beast. You tail-slap the ice beast.
The ice beast is lightly wounded.
The ice beast closely misses you. The howler monkey skeleton hits you.
You die...

#.. #.# #.# #######.#
#.......#
#.......#########
#..........ยงยงยงยง.#
#YZ......######.##
#@......## #...
#......)# ###.
#.......... #.
####....... #.
#####... #### #...
..... . ..... .....
....


You could see an ice beast and a howler monkey skeleton.

Vanquished Creatures
  A centaur (D:5)
  A jelly (D:5)
  2 orc wizards (D:3)
  Jessica (D:2)
  Ijyb (D:2)
  A worker ant (D:4)
  8 adders
  A shadow imp (D:5)
  An ooze (D:1)
  4 worms
  4 dart slugs
  3 leopard geckos
  6 orcs (D:3)
  6 bats
  6 giant cockroaches
  8 goblins
  9 hobgoblins
  2 jackals (D:1)
  17 kobolds
  2 quokkas
  A ball python (D:3)
  6 frilled lizards
  8 rats
99 creatures vanquished.

Notes
Turn   | Place    | Note
-------+----------+-------------------------------------------
     0 | D:1      | Pepeogr the Draconian Warper began the quest for the Orb.
     0 | D:1      | Reached XP level 1. HP: 17/17 MP: 3/3
   170 | D:1      | Reached XP level 2. HP: 24/24 MP: 5/5
   272 | D:1      | Learned a level 2 spell: Blink
   687 | D:1      | Reached skill level 1 in Throwing
   687 | D:1      | Reached XP level 3. HP: 22/30 MP: 6/6
  1052 | D:2      | Noticed Jessica
  1072 | D:2      | Killed Jessica
  1072 | D:2      | Reached skill level 3 in Polearms
  1072 | D:2      | Reached XP level 4. HP: 23/37 MP: 7/7
  1714 | D:2      | Found a basalt altar of Yredelemnul.
  1714 | D:2      | Found a radiant altar of Vehumet.
  1722 | D:2      | Found a faded altar of an unknown god.
  1729 | D:2      | Found a faded altar of an unknown god.
  1746 | D:2      | Found a faded altar of an unknown god.
  1779 | D:2      | Became a worshipper of Makhleb the Destroyer
  1779 | D:2      | Reached * piety under Makhleb
  1994 | D:2      | Noticed Ijyb
  2012 | D:2      | Killed Ijyb
  2012 | D:2      | Reached skill level 4 in Polearms
  2012 | D:2      | Reached XP level 5. HP: 45/45 MP: 8/8
  2199 | D:3      | Found a faded altar of an unknown god.
  2988 | D:3      | Reached ** piety under Makhleb
  3018 | D:3      | Reached XP level 6. HP: 44/51 MP: 10/10
  3076 | D:3      | Found a deep blue altar of Sif Muna.
  3546 | D:4      | Found a shadowy altar of Dithmenos.
  3680 | D:4      | Reached skill level 5 in Polearms
  3853 | D:4      | Found Vaofady's Weapon Boutique.
  4127 | D:5      | Entered Level 5 of the Dungeon
  4129 | D:5      | Noticed Naow's ghost (novice MiBe)
  4142 | D:5      | Found a bloodstained altar of Trog.
  4159 | D:5      | Noticed an ice beast
  4190 | D:5      | Slain by a howler monkey skeleton

Skill      XL: |  1  2  3  4  5  6 |
---------------+-------------------+-----
Throwing       | 1 |  1.1
Polearms       | 3 4 5 |  5.7
Fighting       | 3 |  3.5
Dodging        | 3 |  3.1
Stealth        | |  0.2
Spellcasting   | |  2.6
Translocations | |  3.2

Action                   |  1- 3 |  4- 6 || total
-------------------------+-------+-------++-------
Melee: Spear             |   127 |   230 ||   357
       Tailslap          |    11 |    24 ||    35
       Trident           |       |    69 ||    69
Throw: Tomahawk          |     2 |       ||     2
 Cast: Blink             |     2 |    13 ||    15
  Use: Scroll            |     3 |     6 ||     9
       Potion            |       |     6 ||     6
 Stab: Sleeping          |       |     1 ||     1
  Eat: Bread ration      |       |     3 ||     3
Armor: Skin              |    38 |    84 ||   122
Dodge: Dodged            |    76 |   197 ||   273
